 Dungeon Crawl Stone Soup version 0.29.0-4-gdea44cf6ec (webtiles) character file.

Game seed: 13797733684254575646

1 SnakkuSnakku7 the Grasshopper (level 1, -1/12 HPs)
             Began as a Tengu Warper on Aug 27, 2022.
             Succumbed to a kobold's poison
             ... on level 1 of the Dungeon.
             The game lasted 00:00:33 (98 turns).

SnakkuSnakku7 the Grasshopper (Tengu Warper)          Turns: 98, Time: 00:00:33

Health: -1/12      AC:  3    Str: 11    XL:     1   Next: 20%
Magic:  4/4        EV: 11    Int: 13    God:
Gold:   3          SH:  0    Dex: 13    Spells: 4/4 levels left

rFire   . . .      SeeInvis .   a - +3 trident
rCold   . . .      Faith    .   (no shield)
rNeg    . . .      Spirit   .   b - +0 leather armour
rPois   .          Reflect  .   (helmet restricted)
rElec   .          Harm     .   (no cloak)
rCorr   .          Rampage  .   (no gloves)
Will    .....                   (boots unavailable)
Stlth   +.........              (no amulet)
HPRegen 0.04/turn               (no ring)
MPRegen 0.09/turn               (no ring)

@: lethally poisoned (-1 -> -15)
A: beak, talons 3
a: no special abilities


You were on level 1 of the Dungeon.
You visited 1 branch of the dungeon, and saw 1 of its levels.

You collected 3 gold pieces.

Inventory:

Hand Weapons
 a - a +3 trident (weapon)
 e - a +0 falchion
Missiles
 d - 7 boomerangs of dispersal (quivered)
Armour
 b - a +0 leather armour (worn)
Scrolls
 c - 2 scrolls of blinking
 f - a scroll of amnesia {unknown}


   Skills:
 - Level 2.0 Fighting
 - Level 2.2 Long Blades
 + Level 0.2 Polearms
 - Level 1.0 Throwing
 - Level 1.1 Armour
 - Level 2.1 Dodging
 - Level 2.0 Spellcasting
 - Level 2.4 Translocations


You had 4 spell levels left.
You didn't know any spells.
Your spell library contained the following spells:

 Spells                   Type           Power      Damage    Failure   Level
 Blink                    Tloc           14%        N/A       19%         2
 Gell's Gravitas          Tloc           7%         N/A       36%         3
 Lesser Beckoning         Tloc           7%         N/A       36%         3
 Teleport Other           Tloc           7%         N/A       36%         3
 Manifold Assault         Tloc           7%         N/A       98%         5


Dungeon Overview and Level Annotations

Branches:
Dungeon (1/15)

Altars:


Innate Abilities, Weirdness & Mutations

You have a beak for a mouth.
You have claws for feet.


Message History

Unknown command.
Why would you want to do that?
A frilled lizard comes into view.
The frilled lizard hisses angrily.
Unknown command.
Found a scroll of blinking.
The frilled lizard closely misses you.
You barely miss the frilled lizard.
The frilled lizard bites you but does no damage.
You completely miss the frilled lizard. You peck the frilled lizard.
The frilled lizard is heavily wounded.
The frilled lizard bites you but does no damage.
You closely miss the frilled lizard. You claw the frilled lizard.
You kill the frilled lizard!
You see here a +3 trident.
e - a +3 trident
e - a +3 trident (weapon)
Adjust to which letter? (? for menu, Esc to quit)
a - a +3 trident (weapon);
e - a +0 falchion Setting a skill training target for Polearms at 14.0.
c - 2 scrolls of blinking (gained 1)
You now have 3 gold pieces.
f - a scroll labelled ROMUMU SUAPPI You see here a +1 hand axe of distortion.
A kobold comes into view.
It is wielding a +0 short sword of venom.
Found 3 stones.
The kobold shouts!
A kobold is nearby!
The kobold hits you but does no damage.
You are poisoned.
You closely miss the kobold. Your kick misses the kobold.
You feel very sick.
The kobold hits you with a +0 short sword of venom.
You are lethally poisoned!
You hit the kobold.
You kill the kobold!
* * * LOW HITPOINT WARNING * * *
You feel very sick.
You aren't carrying any potions.
You die...

#### #..
#.# #@#
######.#
#.)....#
#.######
#####.## ##
#......##.#
#.###..#.#
#...# #..##
##


There were no monsters in sight!

Vanquished Creatures
  A frilled lizard (D:1)
  A kobold (D:1)
2 creatures vanquished.

Notes
Turn   | Place    | Note
-------+----------+-------------------------------------------
     0 | D:1      | SnakkuSnakku7 the Tengu Warper began the quest for the Orb.
     0 | D:1      | Reached XP level 1. HP: 12/12 MP: 4/4
    98 | D:1      | Succumbed to a kobold's poison

Illustrated notes

Levels and vault maps discovered:
D:1:      nzn_arrival_water_spiral, layout_loops_ring, serial_bayou_pond_a

Action                   || total
-------------------------++-------
Melee: Falchion          ||     3
       Trident           ||     2
       Kick              ||     1
       Peck              ||     1
Armor: Leather armour    ||     3
Dodge: Dodged            ||     1
